[Event "*** Titled Tuesday Blitz"]
[Site "Chess.com"]
[Date "2020.10.20"]
[Round "9"]
[White "giantslayer83"]
[Black "Lion-Al-Messi"]
[Result "1-0"]
[WhiteElo "2715"]
[BlackElo "2562"]
[TimeControl "180+1"]
[EndTime "11:48:03 PDT"]
[Termination "giantslayer83 won by resignation"]

1. c4 b6 2. Nc3 Bb7 3. e4 e5 4.
Nf3 Nc6 5. a3 Nf6 6. d4 exd4 7.
Nxd4 Nxd4 8. Qxd4 Bc5 9. Qd3 O-O 10. Be2 Re8 11. Bf3 Qe7 12. Bg5 h6 13. Bxf6 Qxf6 14. O-O Rad8 15. e5 Qxe5 16. Bxb7 c6 17. Rad1 a5 18. Na4 Qc7 19. Ba6 Qa7 20. b4 axb4 21. axb4 Qxa6 22. bxc5 Qxa4 23. cxb6 c5 24. Qd5 Qc6 25. Qxc6 dxc6 26. Rxd8 Rxd8 27. Rb1 Rb8 28. b7 Kf8 29. g4 Ke7 30. Kg2 Kd6 31. Kf3 Kc7 32. Ke4 Rxb7 33. Rxb7+ Kxb7 34. Ke5 Kc7 35. f4 Kd7 36. g5 Ke7 37. gxh6 gxh6 38. Kf5 Ke8 39. Kf6 Kf8 40. f5 Kg8 41. Ke7 Kg7 42. h3 Kh7 43. Kxf7 h5 44. h4 Kh6 45. Kf6 Kh7 46. Ke7 Kh6 47. f6 Kg6 48. Ke6 1-0

[Event "*** Titled Tuesday Blitz"]
[Site "Chess.com"]
[Date "2020.10.20"]
[Round "9"]
[White "A-S-00"]
[Black "shnitez"]
[Result "1-0"]
[WhiteElo "2300"]
[BlackElo "2422"]
[TimeControl "180+1"]
[EndTime "11:48:03 PDT"]
[Termination "A-S-00 won by resignation"]

1. d4 Nf6 2. c4 g6 3. Nf3 Bg7 4. Nc3 d5 5. cxd5 Nxd5 6. e3 O-O 7. Bc4 Nxc3 8. bxc3 c5 9. O-O Qc7 10. Rb1 cxd4 11.
Bd3 dxc3 12. Qc2 Nd7 13. Nd4 Nc5 14. Be2 e5 15. Nb5 Qa5 16. Nxc3 a6 17. Bd2 Qd8 18. Rfd1 Bf5 19. e4 Bd7 20. Be3 Ne6 21. Rxb7 Nd4 22. Qd2 Bc6 23. Rbb1 Qe7 24. Nd5 Bxd5 25. exd5 Rfd8 26.
Bc4 Qd6 27. Qa5 h5 28. Rb6 Qd7 29. h3 Ra7 30. Rdb1 Raa8 31. Rb7 Qf5 32. d6 Rd7 33. Rxd7 Qxd7 34. Qd5 Rd8 35. Rb7 Qe8 36. Rxf7 Kh8 37. Re7 Qf8 38. Bg5 Nf5 39. Rxg7 Kxg7 40. Bxd8 Qxd8 41.
Qf7+ Kh6 42. d7 Nd6 43. Qe6 Nxc4 44. Qe8 Qb6 45. d8=Q Qb1+ 46. Kh2 h4 1-0

[Event "*** Titled Tuesday Blitz"]
[Site "Chess.com"]
[Date "2020.10.20"]
[Round "9"]
[White "Smirnov_Pavel"]
[Black "W_Amadeus"]
[Result "0-1"]
[WhiteElo "2860"]
[BlackElo "2756"]
[TimeControl "180+1"]
[EndTime "11:48:04 PDT"]
[Termination "W_Amadeus won on time"]

1. d4 Nf6 2. c4 e6 3. Nf3 d5 4.
Nc3 dxc4 5. e3 a6 6. Bxc4 b5 7. Bb3 Bb7 8. O-O c5 9. Ng5 h6 10. Nf3 Nc6 11. Qe2 Be7 12. Rd1 Qb8 13.
d5 exd5 14. Nxd5 Nxd5 15. Bxd5 O-O 16. e4 Nb4 17. Bxb7 Qxb7 18. Bf4 Rad8 19. a3 Nc6 20. Rd5 Nd4 21. Nxd4 cxd4 22. Rd1 Bf6 23. Bd6 Rfe8 24. Qf3 Re6 25. Bf4 Rxe4 26. Rxd8+ Bxd8 27. h3 Qd5 28. Rc1 Bf6 29. Rc8+ Kh7 30. Re8 Be5 31. Bd2 g6 32. Rc8 f5 33. Rf8 Bg7 34. Rc8 d3 35. Rc7 Qd6 36.
Ra7 Re7 37. Ra8 Qd4 38. Bc3 Qe4 0-1

[Event "*** Titled Tuesday Blitz"]
[Site "Chess.com"]
[Date "2020.10.20"]
[Round "9"]
[White "dennisodessa"]
[Black "GMTalks_Youtube"]
[Result "1/2-1/2"]
[WhiteElo "2445"]
[BlackElo "2608"]
[TimeControl "180+1"]
[EndTime "11:48:04 PDT"]
[Termination "Game drawn by agreement"]

1. d4 d5 2. c4 dxc4 3. e3 e5 4. Bxc4 Nc6 5. d5 Nce7 6. Nc3 Ng6 7. Nge2 a6 8. a4 Nf6 9. O-O Bd6 10. Ng3 O-O 11. f3 Bd7 12. Kh1 Qe7 13. Qb3 Rab8 14. a5 Kh8 15. Qc2 Nh4 16. Bd3 h6 17. Bf5 Nxf5 18.
Nxf5 Bxf5 19. Qxf5 Qd7 20. Qd3 Ne8 21. e4 f5 22. exf5 Qxf5 23. Qxf5 Rxf5 24. Be3 Rd8 25.
Ne4 Rf7 26. Rfd1 Rfd7 27. Bc5 Nf6 28. Bxd6 Nxe4 29. fxe4 Rxd6 30. Rdc1 c6 31. dxc6 bxc6 32. h3 Rb8 33. Rc5 Rxb2 34. Rxe5 Rdd2 35. Rg1 Rbc2 36. Re6 Re2 37. e5 Kg8 38. Re7 Kf8 39. Ra7 Rxe5 40. Rxa6 Ra2 41. Rf1+ Kg8 42. Rf3 Rexa5 43. Rxc6 R2a3 44.
Rxa3 Rxa3 45. Rc2 Rd3 1/2-1/2

[Event "*** Titled Tuesday Blitz"]
[Site "Chess.com"]
[Date "2020.10.20"]
[Round "9"]
[White "Playgood28"]
[Black "zverr1"]
[Result "0-1"]
[WhiteElo "2279"]
[BlackElo "2412"]
[TimeControl "180+1"]
[EndTime "11:48:05 PDT"]
[Termination "zverr1 won on time"]

1. d4 Nf6 2. c4 g6 3. Nc3 Bg7 4. Nf3 O-O 5. Bf4 d5 6. e3 c5 7. cxd5 Nxd5 8. Be5 Nc6 9. Bxg7 Kxg7 10. Nxd5 Qxd5 11.
dxc5 Qxc5 12. Be2 Rd8 13. Qc1 Qa5+ 14. Qc3+ Qxc3+ 15. bxc3 e5 16. Bb5 f6 17. Ke2 Bg4 18. h3 Be6 19. Rhd1 Na5 20. Nd2 Rac8 21. Nb3 Nxb3 22.
axb3 a6 23. Bc4 Bxc4+ 24. bxc4 e4 25. Rab1 Rxd1 26. Rxb7+ Kh6 27. Kxd1 Rxc4 28. Kd2 Ra4 29. Rb2 Kg5 30. Rc2 Rc4 31. Ra2 Rc6 32. Ra5+ f5 33. Ra4 Rb6 34. Ra2 h5 35. c4 h4 36. Ke2 Kf6 37. Kd2 Ke5 38. Kc3 Rd6 39. Ra5+ Ke6 40. c5 Rc6 41. Kd4 g5 42. Ra4 f4 43. Kxe4 fxe3 44.
Kxe3 Rxc5 45. Rxa6+ Kf5 46. Ra2 Re5+ 47. Kf3 Rb5 48. Rc2 Rb3+ 49. Ke2 Kf4 50. Rd2 Rb4 51.
Rc2 Re4+ 52. Kf1 Ra4 53. Re2 Ra1+ 54. Re1 Ra2 55. Re2 Ra3 56. Re1 Ra8 57. Rd1 Re8 58. Rc1 Re4 59. Rc2 Ra4 0-1

[Event "*** Titled Tuesday Blitz"]
[Site "Chess.com"]
[Date "2020.10.20"]
[Round "9"]
[White "vova-79"]
[Black "canary2016"]
[Result "1-0"]
[WhiteElo "2492"]
[BlackElo "1956"]
[TimeControl "180+1"]
[EndTime "11:48:06 PDT"]
[Termination "vova-79 won by checkmate"]

1. d4 d5 2. c4 c6 3. Nc3 Nf6 4. e3 Bf5 5. cxd5 cxd5 6. Qb3 Qd7 7. Nf3 e6 8. Ne5 Qc7 9. Bd2 Be7 10. Nb5 Qc8 11. Bb4 Qd8 12. Qa3 Nc6 13. Nxc6 bxc6 14.
Nd6+ Bxd6 15. Bxd6 Ne4 16. Bc5 Nxc5 17. Qxc5 Qd7 18. Rc1 Rc8 19. Ba6 Rc7 20. O-O Qe7 21.
Rc3 Qxc5 22. Rxc5 O-O 23. Rfc1 Rb8 24. Rxc6 Rxc6 25. Rxc6 h6 26. Rc8+ Rxc8 27. Bxc8 Kf8 28. Kf1 Ke7 29. Ke2 Kd6 30. Ba6 Kc6 31. Bd3 Bg4+ 32.
f3 Bh5 33. g4 Bg6 34. Bxg6 fxg6 35. e4 Kb5 36. Kd3 Kb4 37. f4 a5 38. e5 a4 39. f5 gxf5 40. gxf5 exf5 41. e6 g5 42. e7 f4 43. e8=Q g4 44. Qb8+ Ka5 45.
Qxf4 h5 46. Qg5 Kb4 47. Qxh5 a3 48. bxa3+ Kxa3 49. Qxd5 g3 50. Qb3# 1-0

[Event "*** Titled Tuesday Blitz"]
[Site "Chess.com"]
[Date "2020.10.20"]
[Round "9"]
[White "Wilver92"]
[Black "DonBroca"]
[Result "1-0"]
[WhiteElo "2395"]
[BlackElo "2127"]
[TimeControl "180+1"]
[EndTime "11:48:06 PDT"]
[Termination "Wilver92 won by resignation"]

1. e4 c5 2. c3 Nf6 3. e5 Nd5 4. d4 cxd4 5. Nf3 Nc6 6. Bc4 Nb6 7. Bb3 d5 8. cxd4 Bg4 9. Be3 e6 10. Nc3 Be7 11. O-O O-O 12. h3 Bh5 13. Bc2 Rc8 14.
Rc1 Nc4 15. b3 Nxe3 16. fxe3 Bg6 17. Bxg6 hxg6 18. Ne2 Qa5 19. a4 Ba3 20. Rc2 Nb4 21. Rxc8 Rxc8 22. Ng5 Rc7 23. Nf4 Nc2 24. Qf3 Qd2 25.
Nfxe6 fxe6 26. Nxe6 Rd7 27. Rf2 Qe1+ 28. Kh2 Nxe3 29.
Re2 Nf1+ 30. Kg1 Qd1 31. Qxf1 Qxf1+ 32. Kxf1 b6 33. Rc2 Be7 34. Rc8+ Kf7 35. Nf4 Rb7 36. Nxd5 Bg5 37. Rc7+ Rxc7 38. Nxc7 Ke7 39. d5 Bf4 40. Nb5 a6 41. Nc7 a5 42. Na8 Be3 43. Ke2 Bd4 44. Kd3 Bxe5 45. Nxb6 Kd6 46. Ke4 Bg3 47. Nc4+ Kc5 48.
Nxa5 Kb4 49. Nb7 Kxb3 50. a5 Bb8 51. a6 Kb4 52. d6 Kb5 53. d7 Bc7 54. a7 Kb6 55.
a8=Q 1-0

[Event "*** Titled Tuesday Blitz"]
[Site "Chess.com"]
[Date "2020.10.20"]
[Round "9"]
[White "Shubinkirill2003"]
[Black "igorkovalenko"]
[Result "1/2-1/2"]
[WhiteElo "2672"]
[BlackElo "2813"]
[TimeControl "180+1"]
[EndTime "11:48:08 PDT"]
[Termination "Game drawn by repetition"]

1. e4 c5 2. Nf3 e6 3. g3 Nc6 4. Bg2 Nf6 5. Qe2 Qc7 6. O-O Be7 7. c3 d5 8. e5 Nd7 9. d4 a5 10. h4 h6 11. a4 b6 12. Rd1 Ba6 13. Qd2 cxd4 14.
cxd4 Nb4 15. Nc3 Rc8 16. Bf1 Bxf1 17. Rxf1 Qc4 18. Rd1 Nb8 19. Qf4 N8c6 20. Qg4 g6 21. Be3 Nc2 22. Rac1 N6b4 23. Nd2 Qd3 24. Nf1 Qf5 25.
Qe2 h5 26. Kg2 Kf8 27. Rd2 g5 28. Rdxc2 Nxc2 29. Qxc2 Qxc2 30. Rxc2 gxh4 31. gxh4 Bxh4 32. Nh2 Kg7 33. Nf3 Be7 34. Rc1 Kg6 35. Kh3 Kf5 36. Rg1 Rcg8 37. Rc1 Rc8 38. Rg1 Rhg8 39. Re1 Rg4 40.
Nd1 Kg6 41. Bd2 Kh7 42. Ne3 Re4 43. Rg1 Rf4 44. Rg3 h4 45. Ng5+ Bxg5 46. Rxg5 Rxf2 47. Ng4 Rxd2 48. Nf6+ Kh6 49. Rg4 Rcc2 50. Ng8+ Kh5 51.
Nf6+ Kh6 52. Ng8+ Kh5 53. Nf6+ Kh6 1/2-1/2

[Event "*** Titled Tuesday Blitz"]
[Site "Chess.com"]
[Date "2020.10.20"]
[Round "9"]
[White "googlegoom"]
[Black "picturesquecheck"]
[Result "1/2-1/2"]
[WhiteElo "2366"]
[BlackElo "2148"]
[TimeControl "180+1"]
[EndTime "11:48:08 PDT"]
[Termination "Game drawn - insufficient material"]

1. Nf3 d6 2. d4 Nf6 3. b3 g6 4.
Bb2 Bg7 5. e3 O-O 6. Be2 e5 7.
dxe5 Ng4 8. c4 Nxe5 9. Nxe5 dxe5 10. O-O Qxd1 11. Rxd1 Be6 12. Nc3 c6 13. c5 Nd7 14.
b4 Rad8 15. Ne4 f5 16. Nd6 Rb8 17. Bc4 Bxc4 18. Nxc4 Rfd8 19. Rd6 Nf6 20. Bxe5 Nd5 21. Bxg7 Kxg7 22. a3 Rxd6 23. Nxd6 b5 24. cxb6 Rxb6 25.
Nc4 Ra6 26. Rc1 Kf6 27. Na5 Ne7 28. Kf1 Ke6 29. Ke2 Kd7 30. Kd3 Rb6 31. h4 Rb5 32. g3 a6 33. Nb3 Rd5+ 34. Ke2 Nc8 35. Nc5+ Kd6 36. Nxa6 Nb6 37. Rd1 Nc4 38. Rxd5+ Kxd5 39. a4 Nb2 40. b5 cxb5 41. axb5 Nc4 42. Kf3 h6 43. g4 Ne5+ 44. Kf4 fxg4 45. b6 Nd3+ 46. Kxg4 Kc6 47. f4 Kxb6 48. Nb8 Kc7 49. Na6+ Kd6 50. h5 gxh5+ 51. Kxh5 Kd5 52. f5 Ke4 53. Kg6 Ne5+ 54. Kf6 Ng4+ 55. Ke6 Kxe3 56. Nb4 h5 57.
Nd5+ Kf3 58. Nf6 Ne3 59. Nxh5 Nxf5 1/2-1/2

[Event "*** Titled Tuesday Blitz"]
[Site "Chess.com"]
[Date "2020.10.20"]
[Round "9"]
[White "Chessdreamer2020"]
[Black "TorFredrikKaasen"]
[Result "0-1"]
[WhiteElo "2465"]
[BlackElo "2690"]
[TimeControl "180+1"]
[EndTime "11:48:12 PDT"]
[Termination "TorFredrikKaasen won on time"]

1. e4 c5 2. Nf3 e6 3. b3 Nc6 4.
Bb5 Nge7 5. Bb2 a6 6. Bxc6 Nxc6 7. O-O d6 8. d4 cxd4 9. Nxd4 Bd7 10.
Re1 Qc7 11. c4 Nd8 12. Nf3 Nc6 13. Nc3 Ne5 14. Nd4 Ng6 15. Qh5 Be7 16. Nf5 Bf6 17. Rad1 Be5 18. g3 O-O-O 19. Ne3 Bc6 20. Nc2 Bf6 21. Nd4 Bd7 22. a4 Be8 23. a5 Ne5 24. f4 Nc6 25. Nxc6 Bxc6 26. Rc1 g6 27. Qe2 Qxa5 28. Nd5 Bxb2 29. Qxb2 exd5 30. cxd5 Qb6+ 31. Kg2 Kb8 32. dxc6 bxc6 33. Rc4 Rhe8 34. Qc3 c5 35. b4 Ka7 36. bxc5 dxc5 37. Rxc5 Rd7 38. Rc1 Red8 39. Rc7+ Rxc7 40. Qxc7+ Qxc7 41. Rxc7+ Kb6 42. Rxf7 a5 43. e5 a4 44. Rxh7 a3 0-1

[Event "*** Titled Tuesday Blitz"]
[Site "Chess.com"]
[Date "2020.10.20"]
[Round "9"]
[White "stolencandy13"]
[Black "Zmeeed63"]
[Result "0-1"]
[WhiteElo "2456"]
[BlackElo "2375"]
[TimeControl "180+1"]
[EndTime "11:48:12 PDT"]
[Termination "Zmeeed63 won by checkmate"]

1. e4 Nc6 2. Nf3 d6 3. Nc3 Nf6 4.
d4 Bg4 5. h3 Bxf3 6. gxf3 g6 7.
Be3 Bg7 8. Qd2 a6 9. O-O-O b5 10. Nxb5 axb5 11. Bxb5 O-O 12. Bxc6 Rxa2 13. Kb1 Ra6 14. Bb5 Rb6 15. Bc4 Nd7 16. Bh6 Qb8 17. Bb3 c5 18. Bxg7 Kxg7 19. dxc5 Nxc5 20. h4 h5 21. Qc3+ Kh7 22. Rd3 Nxd3 23. Qxd3 Qa7 24. Rg1 Ra8 25. Kc1 Qa1+ 26. Kd2 Qxg1 27. Bxf7 Qxf2+ 28. Kc3 Rc8+ 29. Bc4 Qxh4 30. Qd5 Qf6+ 31. Kd3 Qxf3+ 32.
Kd2 Rb4 33. b3 Rbb8 34. Qe6 Qf6 35. Qd5 h4 36. e5 dxe5 37. Bd3 e4 38. Qxe4 h3 39. Qg4 Qc3+ 40. Kd1 Qf6 41. Qxh3+ Kg7 42.
Qg2 Rh8 43. Kd2 Rb6 44. Qe4 Re6 45. Qg4 Rh2+ 46. Kc1 Qa1# 0-1

[Event "*** Titled Tuesday Blitz"]
[Site "Chess.com"]
[Date "2020.10.20"]
[Round "9"]
[White "AntonovaNadezhda"]
[Black "Ural_bogatyr"]
[Result "0-1"]
[WhiteElo "2109"]
[BlackElo "2365"]
[TimeControl "180+1"]
[EndTime "11:48:18 PDT"]
[Termination "Ural_bogatyr won on time"]

1. d4 Nf6 2. Nf3 d5 3. e3 e6 4.
Nbd2 c5 5. b3 Nc6 6. Bb2 cxd4 7.
exd4 a6 8. Bd3 b5 9. a3 Bd6 10. O-O O-O 11. Ne5 Bb7 12. f4 Ne7 13. Qe2 Rc8 14.
Rae1 Qb6 15. g4 Rfd8 16. Nxf7 Kxf7 17. Qxe6+ Kf8 18. Nf3 Ng6 19. Ne5 Nh8 20. g5 Ne4 21. Qf5+ Kg8 22. Qe6+ Kf8 23. Nd7+ Rxd7 24. Qxd7 Qc7 25.
Qf5+ Qf7 26. Qxf7+ Kxf7 27. Kg2 Ng6 28. Kf3 Kg8 29.
f5 Nf4 30. Kg4 Nxd3 31. cxd3 Nd2 32. Rf2 Nxb3 33. f6 gxf6 34. gxf6 Kf7 35. Re6 Kxe6 36. Kg5 Bc6 37. f7 Rf8 38. Kh6 Rxf7 39. Re2+ Kd7 40.
Bc3 a5 41. Be1 Bf4+ 42. Kh5 Kd6 43. Kg4 Nxd4 44. Bh4 Nxe2 45. h3 d4 46. Be1 Bd7+ 0-1

[Event "*** Titled Tuesday Blitz"]
[Site "Chess.com"]
[Date "2020.10.20"]
[Round "9"]
[White "Orest_Vovk"]
[Black "realmadridtv"]
[Result "1-0"]
[WhiteElo "2524"]
[BlackElo "2437"]
[TimeControl "180+1"]
[EndTime "11:48:19 PDT"]
[Termination "Orest_Vovk won by checkmate"]

1. h3 b6 2. Nc3 Bb7 3. e4 c5 4.
Nf3 Nf6 5. d3 e6 6. g4 d5 7. Qe2 Nc6 8. Bg2 Be7 9. O-O O-O 10.
g5 Ne8 11. h4 Nd4 12. Nxd4 cxd4 13. Nd1 dxe4 14. dxe4 e5 15. f4 exf4 16. Bxf4 Bc5 17. Nf2 Nc7 18. Nd3 Ne6 19. Bg3 Rc8 20. Rf2 a5 21. Raf1 Qe7 22. Qg4 Rce8 23. Rf5 Bc8 24.
Qf3 Nd8 25. Re5 Qd7 26. Nxc5 bxc5 27. Rxc5 Ne6 28. Rd5 Qa7 29. Bf2 Bb7 30. Rd7 Qa8 31.
Bxd4 Nxd4 32. Rxd4 Qa7 33. c3 Rxe4 34. Qf2 Rxd4 35.
Qxd4 Qa8 36. Bxb7 Qxb7 37. Rf2 Re8 38. Re2 Rc8 39. h5 Qb5 40. Qe5 Qd7 41. h6 Qg4+ 42. Kf2 gxh6 43. gxh6 Qh4+ 44. Qg3+ Qxg3+ 45. Kxg3 f6 46. Re7 Rb8 47. Rg7+ Kh8 48. Ra7 Kg8 49. Rxa5 Rxb2 50.
Ra7 Rc2 51. Rg7+ Kh8 52. Rc7 Rxa2 53. Rc8# 1-0

[Event "*** Titled Tuesday Blitz"]
[Site "Chess.com"]
[Date "2020.10.20"]
[Round "9"]
[White "zajka-molotok"]
[Black "krasavetc"]
[Result "1-0"]
[WhiteElo "2487"]
[BlackElo "2324"]
[TimeControl "180+1"]
[EndTime "11:48:19 PDT"]
[Termination "zajka-molotok won by checkmate"]

1. d4 Nf6 2. c4 e6 3. Nc3 d5 4.
Nf3 dxc4 5. e4 c6 6. Bxc4 b5 7. Bd3 Bb7 8. O-O Nbd7 9. Bf4 Bb4 10. a3 Ba5 11. Qe2 a6 12. Rfd1 O-O 13. Rac1 Qe8 14. e5 Nd5 15. Nxd5 exd5 16. Bxh7+ Kh8 17. Bb1 f6 18. Qd3 f5 19. Ng5 Qh5 20. Qb3 c5 21. dxc5 Nxe5 22. Ne6 Rfe8 23. Bxe5 Rxe6 24. Rd3 Kg8 25.
f4 d4 26. Qxe6+ Qf7 27. Qxf7+ Kxf7 28. Rxd4 Bc6 29. Rd6 Rc8 30. b4 Bd8 31. Rcd1 Be7 32. R6d4 a5 33. Bxf5 Rh8 34. Bd7 Ba8 35. Bxb5 axb4 36.
axb4 Rc8 37. Bc4+ Kg6 38. Bd5 Bxd5 39. Rxd5 Bg5 40. fxg5 Kf5 41. Bg3+ Ke4 42. R5d4+ Ke3 43. R4d3+ Ke2 44. R3d2+ Ke3 45. Rc2 Ke4 46. Rdc1 Kf5 47. c6 Re8 48. c7 Re3 49. c8=Q+ Ke4 50. Qe8+ Kd3 51. Rc3+ Kd2 52. Qxe3# 1-0

[Event "*** Titled Tuesday Blitz"]
[Site "Chess.com"]
[Date "2020.10.20"]
[Round "9"]
[White "MarceloPlaya"]
[Black "crazy_but_lazy"]
[Result "0-1"]
[WhiteElo "2296"]
[BlackElo "2459"]
[TimeControl "180+1"]
[EndTime "11:48:19 PDT"]
[Termination "crazy_but_lazy won on time"]

1. e4 g6 2. d4 Bg7 3. Nc3 d6 4.
Be3 a6 5. Qd2 b5 6. O-O-O Bb7 7.
f3 Nd7 8. h4 h5 9. Kb1 Rc8 10.
g4 c5 11. gxh5 Rxh5 12. Nce2 cxd4 13. Bxd4 Ngf6 14. Ng3 Rh8 15. h5 g5 16. Nf5 Bf8 17. Qxg5 e6 18. Ng7+ Bxg7 19. Qxg7 Ke7 20. Qg5 Qc7 21. Bd3 Rcg8 22. Qe3 Rxh5 23. Rxh5 Nxh5 24. Ne2 a5 25. Bxb5 e5 26. Bc3 Nhf6 27. Bxd7 Nxd7 28. f4 Qc5 29. Qd3 exf4 30. Nxf4 Rg1 31. Nd5+ Bxd5 32. exd5 f5 33. a3 f4 34. Qe2+ Ne5 35. Bxe5 Rxd1+ 36. Qxd1 dxe5 37. Qd3 Kd6 38. c4 a4 39. Qg6+ Kc7 40. Qf7+ Kb6 41. Qe6+ Kb7 42. Qxe5 Qxc4 43. Qe7+ Kb6 44. Qd6+ Kb5 45. Qb8+ Kc5 0-1

[Event "*** Titled Tuesday Blitz"]
[Site "Chess.com"]
[Date "2020.10.20"]
[Round "9"]
[White "Qvalda"]
[Black "HouseOfDurin"]
[Result "1-0"]
[WhiteElo "2411"]
[BlackElo "2178"]
[TimeControl "180+1"]
[EndTime "11:48:21 PDT"]
[Termination "Qvalda won by checkmate"]

1. d4 Nf6 2. c4 c5 3. d5 b5 4.
cxb5 a6 5. bxa6 Bxa6 6. Nc3 d6 7. e4 Bxf1 8. Kxf1 Nbd7 9. Nge2 g6 10. h3 Bg7 11.
Kg1 O-O 12. Kh2 Qa5 13. Bg5 Rfb8 14. Rb1 Rb7 15. f4 Qb4 16. Qc2 Kf8 17. Rhf1 Ne8 18. f5 Be5+ 19. Kh1 f6 20. Bh6+ Ng7 21. fxg6 hxg6 22. Nf4 Bxf4 23. Rxf4 Kf7 24. e5 Qa5 25. e6+ Nxe6 26. dxe6+ Kxe6 27. Qe4+ Ne5 28. Qxb7 c4 29. Rd1 g5 30. Qd5+ Qxd5 31. Nxd5 gxf4 32. Nc7+ Kf5 33. Nxa8 Nd3 34. Rd2 e5 35. Nb6 Nc5 36. Nxc4 Ne4 37.
Rc2 Kg6 38. Bf8 d5 39. Nd2 Ng3+ 40. Kh2 d4 41. a4 Nf5 42. a5 Ne3 43. Rc1 Nd5 44.
a6 Nb6 45. a7 f5 46. Bc5 Na8 47. Nf3 e4 48. Nxd4 f3 49. gxf3 e3 50. Ne2 f4 51.
Nxf4+ Kf5 52. Bxe3 Kg5 53. Nd5+ Kh4 54. Nc7 Nb6 55.
Bxb6 Kh5 56. a8=Q Kg5 57. Qd5+ Kh4 58. Rc4# 1-0

[Event "*** Titled Tuesday Blitz"]
[Site "Chess.com"]
[Date "2020.10.20"]
[Round "9"]
[White "Margency"]
[Black "PhileKhoob"]
[Result "1-0"]
[WhiteElo "2689"]
[BlackElo "2539"]
[TimeControl "180+1"]
[EndTime "11:48:22 PDT"]
[Termination "Margency won on time"]

1. e4 c5 2. Nf3 d6 3. d4 cxd4 4. Nxd4 Nf6 5. Nc3 a6 6. Be3 e5 7. Nb3 Be7 8. Qd2 Be6 9. O-O-O Nbd7 10. f4 Qc7 11. h3 O-O 12. g4 exf4 13. Bxf4 Ne5 14.
Qg2 b5 15. Kb1 Rac8 16. g5 Nh5 17. Bc1 b4 18. Nd5 Bxd5 19. exd5 a5 20. Nd4 g6 21. h4 a4 22. Be2 a3 23. b3 Rfe8 24. Bxh5 gxh5 25.
Rhf1 Bf8 26. Qd2 Qc5 27. Nf5 Ng6 28. Qd3 Re5 29. Be3 Qc7 30. Rf2 Rce8 31. Bd2 Qc5 32. Qf3 Qc7 33. Bxb4 Rxf5 34. Qxf5 Re5 35. Qd3 Bg7 36.
Bxa3 Nxh4 37. Bb2 Rxg5 38. Bxg7 Rxg7 39. Qe4 Ng6 40. Qe8+ Nf8 41. Re1 Qc3 42. a4 Rg4 43.
Qxf7+ 1-0

[Event "*** Titled Tuesday Blitz"]
[Site "Chess.com"]
[Date "2020.10.20"]
[Round "9"]
[White "dopolian"]
[Black "gumimis"]
[Result "1-0"]
[WhiteElo "2411"]
[BlackElo "2278"]
[TimeControl "180+1"]
[EndTime "11:48:22 PDT"]
[Termination "dopolian won on time"]

1. Nf3 Nf6 2. c4 g6 3. b3 Bg7 4. Bb2 O-O 5. g3 d5 6. Bg2 c5 7.
cxd5 Nxd5 8. Bxg7 Kxg7 9. O-O Nc6 10. Nc3 Nxc3 11. dxc3 Qc7 12. Qc2 Bf5 13. Qb2 Rad8 14. Rad1 f6 15. h4 e5 16. h5 gxh5 17. Nh4 Bg6 18. e4 Rxd1 19. Rxd1 Rd8 20. Qe2 Rxd1+ 21. Qxd1 Qd8 22. Qe2 Qd7 23. Kh2 Nd8 24. Bh3 Qc6 25.
f3 Nf7 26. Bf5 b5 27. Qd2 Qd6 28. Qe2 b4 29. Qe3 bxc3 30. Qxc3 Qd4 31. Qc2 Ng5 32. Bh3 Nxh3 33. Kxh3 Qg1 34. Qg2 Qe1 35. Kh2 a5 36. Qc2 Qe3 37. Kg2 Kh8 38. Qd1 Qd4 39.
Qe2 a4 40. Qc2 axb3 41. axb3 Bf7 42. Nf5 Qd7 43. Qxc5 Qd2+ 44. Kh3 Qd8 45. Qa7 Qe8 46. b4 1-0

[Event "*** Titled Tuesday Blitz"]
[Site "Chess.com"]
[Date "2020.10.20"]
[Round "9"]
[White "Sadykov_Ramil"]
[Black "Gloomy_Wanderer"]
[Result "0-1"]
[WhiteElo "2550"]
[BlackElo "2705"]
[TimeControl "180+1"]
[EndTime "11:48:25 PDT"]
[Termination "Gloomy_Wanderer won on time"]

1. d4 Nf6 2. Nc3 d5 3. Bf4 c5 4. e3 cxd4 5. exd4 a6 6. Nf3 Bg4 7. h3 Bxf3 8. Qxf3 Nc6 9. Ne2 Qb6 10. Qb3 Qxb3 11. axb3 e6 12. c3 Kd7 13. Nc1 Bd6 14.
Bxd6 Kxd6 15. Nd3 a5 16. f3 b6 17. Kd2 g5 18. h4 h6 19. Be2 Rag8 20. Ke3 Nd7 21.
hxg5 hxg5 22. g3 Nf8 23. Kf2 Nd7 24. f4 gxf4 25. gxf4 f6 26. Bf3 Ne7 27. Rxh8 Rxh8 28. Rh1 Rxh1 29. Bxh1 Nf5 30. Bf3 Nf8 31. Bg4 Ne7 32. Ke3 Nd7 33. Bh3 Nf8 34. Bg4 Nfg6 35. Bh5 Nh4 36. Bg4 Nhf5+ 37. Kf3 Kd7 38. Bh3 Ke8 39. Bg4 Kf7 40. Bh5+ Kg7 41. Be8 Nd6 42.
Bh5 Nef5 43. Nf2 Kh6 44. Bg4 Kg6 45. Nd3 Ne4 46. Bh3 Nd2+ 47. Ke2 Nxb3 48. Bg4 a4 49. Bh3 Na5 50. Kd2 Nc4+ 51. Kc2 Kh5 52. Bxf5 Ne3+ 53. Kd2 Nxf5 54. Nb4 Kg4 55. Nc6 Kxf4 56.
Nd8 e5 57. Ne6+ Kf3 58. dxe5 fxe5 59. Nc7 Ne3 60. Kd3 e4+ 61. Kd4 Nc2+ 62. Kxd5 e3 63.
Ne6 e2 64. Ng5+ Kg2 0-1

[Event "*** Titled Tuesday Blitz"]
[Site "Chess.com"]
[Date "2020.10.20"]
[Round "9"]
[White "Guenplen"]
[Black "GregShahade"]
[Result "1-0"]
[WhiteElo "2841"]
[BlackElo "2658"]
[TimeControl "180+1"]
[EndTime "11:48:26 PDT"]
[Termination "Guenplen won by resignation"]

1. Nf3 Nf6 2. c4 g6 3. Nc3 d5 4.
cxd5 Nxd5 5. g3 Bg7 6. Bg2 Nb6 7. h4 h5 8. d4 Nc6 9. d5 Bxc3+ 10. bxc3 Qxd5 11. O-O Qxd1 12. Rxd1 Bf5 13. Bf4 Rc8 14. Nd4 Nxd4 15. cxd4 c6 16. e4 Bg4 17. Rdb1 O-O 18. a4 Rfd8 19. a5 Nc4 20. Rxb7 Rd7 21. a6 Nd6 22.
Bxd6 exd6 23. Rab1 Ra8 24. f3 Be6 25. Bf1 d5 26. e5 Kf8 27. Rxd7 Bxd7 28. Rb7 Ke8 29.
Kf2 Bc8 30. Rc7 Bd7 31. Ke3 Kd8 32. Rb7 Be6 33. Be2 Kc8 34. Bd1 Rb8 35. Rxa7 Rb1 36.
Ba4 Ra1 37. Bxc6 Ra3+ 38. Kf4 Kd8 39. Bb5 Ra5 40. Rb7 Bc8 41. Rb6 Ra3 42. Rd6+ Ke7 43. Rc6 Bd7 44. Rc7 Ke6 45. Bxd7+ Ke7 46. Bb5+ Ke6 47.
Rc6+ Ke7 48. Rd6 f6 49. Rxf6 g5+ 50. Kxg5 Rc3 51. Rc6 Rxf3 52. Kxh5 Rxg3 53. a7 Rg8 54. Rg6 Rh8+ 55. Kg5 Ra8 56. Bc6 Kf7 57. Bxa8 1-0

[Event "*** Titled Tuesday Blitz"]
[Site "Chess.com"]
[Date "2020.10.20"]
[Round "9"]
[White "JonahWillow"]
[Black "abhidabhi"]
[Result "0-1"]
[WhiteElo "2643"]
[BlackElo "2807"]
[TimeControl "180+1"]
[EndTime "11:48:28 PDT"]
[Termination "abhidabhi won by resignation"]

1. e4 e6 2. d4 d5 3. Nd2 a6 4. e5 c5 5. c3 Nc6 6. Ngf3 cxd4 7.
cxd4 f6 8. exf6 Qxf6 9. Bd3 Bd6 10. O-O Nge7 11. Nb3 h6 12. Re1 O-O 13. Qe2 Nf5 14.
Be3 Bd7 15. Rac1 Rae8 16. Qd2 Nxe3 17. fxe3 e5 18. e4 Nxd4 19. Nbxd4 exd4 20. Qc2 dxe4 21. Bxe4 Bf4 22. Rcd1 Bg4 23. Rf1 Be3+ 24. Kh1 Kh8 25.
Qd3 Qe7 26. Bg6 Bxf3 27. Rxf3 Rxf3 28. Bxe8 Rf2 29. Bh5 Qf6 30. Qc4 g6 31. Qc8+ Kg7 32.
Qd7+ Qf7 33. Qxf7+ Kxf7 34. Bf3 Rxb2 35. a4 b6 36. Rf1 Ke7 37. Be4 g5 38. Bd3 b5 39.
axb5 axb5 40. Rb1 Rxb1+ 41. Bxb1 Kd6 42. g3 Kc5 43. Kg2 g4 44. h3 h5 45. hxg4 hxg4 46. Bf5 Kc4 47. Bxg4 b4 48. Bf5 d3 49. Kf3 Bh6 50.
Kf2 b3 51. Ke1 b2 52. Be6+ Kc3 53. Ba2 Kc2 54. g4 d2+ 55. Ke2 d1=Q+ 0-1

[Event "*** Titled Tuesday Blitz"]
[Site "Chess.com"]
[Date "2020.10.20"]
[Round "9"]
[White "KaterynaLagno"]
[Black "vugarrasulov"]
[Result "1/2-1/2"]
[WhiteElo "2718"]
[BlackElo "2872"]
[TimeControl "180+1"]
[EndTime "11:48:29 PDT"]
[Termination "Game drawn by repetition"]

1. e4 g6 2. d4 Bg7 3. Nc3 c6 4. Nf3 d5 5. h3 dxe4 6. Nxe4 Nf6 7.
Nxf6+ Bxf6 8. c3 O-O 9. Bd3 Nd7 10. O-O e5 11. dxe5 Nxe5 12. Nxe5 Bxe5 13. Re1 Qc7 14.
Bh6 Bg7 15. Bxg7 Kxg7 16. Qf3 Be6 17. a3 Rad8 18. Rad1 Rd7 19. Bc2 Rfd8 20. Rxd7 Rxd7 21. Rd1 Qd8 22. Rxd7 Qxd7 23. Qe3 b6 24. Qe5+ f6 25.
Qe3 c5 26. h4 Bf7 27. g3 Qd6 28. Kh2 a5 29. Qe2 Qd5 30. Be4 Qe6 31. Qd3 Qe5 32. Bf3 Qe1 33. Kg2 Qe7 34. Qd2 g5 35.
hxg5 fxg5 36. Bd5 Bg6 37. c4 h5 38. Qc3+ Qf6 39. Qe3 h4 40. b3 Bf5 41. Qe8 Bg6 42.
Qd7+ Kh6 43. Qc7 Bc2 44. f4 gxf4 45. gxf4 Qg6+ 46. Kh1 Be4+ 47. Bxe4 Qxe4+ 48. Kh2 Qc2+ 49. Kh3 Qc3+ 50. Kxh4 Qe1+ 51. Kg4 Qe6+ 52. Kf3 Qh3+ 53. Ke4 Qxb3 54. Kd5 Qf3+ 55. Ke5 Qc3+ 56. Kd5 Qf3+ 57.
Ke5 Qc3+ 58. Kd5 Qf3+ 1/2-1/2